 Dungeon Crawl Stone Soup version 0.30.1-3-gfc49f6343a (webtiles) character file.

Game seed: 12143859108389711719

8 spardeous the Conjurer (level 1, 0/14 HPs)
             Began as a Demigod Conjurer on Aug 8, 2023.
             Killed from afar by Sigmund (11 damage)
             ... with a puff of flame
             ... on level 2 of the Dungeon.
             The game lasted 00:00:13 (354 turns).

spardeous the Conjurer (Demigod Conjurer)            Turns: 354, Time: 00:00:14

Health: 0/14       AC:  2    Str:  8    XL:     1   Next: 80%
Magic:  4/5        EV: 12    Int: 20    God:
Gold:   35         SH:  0    Dex: 12    Spells: 3/4 levels left

rFire   . . .        (no weapon)
rCold   . . .        (no shield)
rNeg    . . .        a - +0 robe
rPois   .            (no helmet)
rElec   .            (no cloak)
rCorr   .            (no gloves)
SInv    .            (no boots)
Will    .....        (no amulet)
Stlth   ++           (no ring)
HPRegen 0.22/turn    (no ring)
MPRegen 0.09/turn

%: no passive effects
@: no status effects
A: high MP 1, forlorn, divine attributes
a: no special abilities


You were on level 2 of the Dungeon.
You visited 1 branch of the dungeon, and saw 2 of its levels.

You collected 35 gold pieces.

Inventory:

Armour
 a - a +0 robe (worn)
Scrolls
 c - a scroll of identify {unknown}
Potions
 b - 2 potions of magic


   Skills:
 - Level 1.7 Dodging
 - Level 1.7 Stealth
 + Level 2.1 Spellcasting
 + Level 3.8 Conjurations


You had 3 spell levels left.
You knew the following spells:

 Your Spells              Type           Power      Damage    Failure   Level
a - Magic Dart            Conj           68%        1d6       3%          1

Your spell library contained the following spells:

 Spells                   Type           Power      Damage    Failure   Level
 Searing Ray              Conj           34%        2d5       4%          2
 Dazzling Flash           Conj/Hex       18%        N/A       22%         3
 Poisonous Vapours        Pois/Air       4%         N/A       24%         2
 Mephitic Cloud           Conj/Pois/Air  7%         N/A       28%         3
 Fulminant Prism          Conj/Hex       4%         3d5       56%         4
 Iskenderun's Mystic Bla  Conj/Tloc      9%         2d4       56%         4
 Freezing Cloud           Conj/Ice/Air   3%         6-21      95%         5


Dungeon Overview and Level Annotations

Branches:
Dungeon (1/15)

Annotations:
D:2 Sigmund


Innate Abilities, Weirdness & Mutations

You have an increased reservoir of magic. (+10% MP)
You shall have no god before yourself.
Your divine heritage dramatically boosts your attributes as you level up.


Message History

Casting: Magic Dart (safe; 3% risk of failure)
Confirm with . or Enter, or press ? or * to list all spells.
You can't see any susceptible monsters within range! (Use Z to cast anyway.)
A kobold comes into view. It is wielding a +0 whip.
The kobold shouts!
Casting: Magic Dart (safe; 3% risk of failure)
Confirm with . or Enter, or press ? or * to list all spells.
Aiming: Magic Dart (safe; 3% risk of failure)
Press: ? - help, Shift-Dir - straight line, f - kobold
Aim: a kobold, wielding a +0 whip (100% to hit)
The magic dart hits the kobold.
You kill the kobold!
Magic restored.
You now have 35 gold pieces (gained 10).
Sigmund the Dreaded comes into view.
He is wielding a +0 scythe.
Casting: Magic Dart (safe; 3% risk of failure)
Confirm with . or Enter, or press ? or * to list all spells.
Aiming: Magic Dart (safe; 3% risk of failure)
Press: ? - help, Shift-Dir - straight line, f - Sigmund
Aim: Sigmund, wielding a +0 scythe and wearing a +0 robe (asleep, 100% to hit)
The magic dart hits Sigmund.
Sigmund is lightly wounded.
Sigmund shouts!
Sigmund is nearby!
Casting: Magic Dart (safe; 3% risk of failure)
Confirm with . or Enter, or press ? or * to list all spells.
Aiming: Magic Dart (safe; 3% risk of failure)
Press: ? - help, Shift-Dir - straight line, f/p - Sigmund
Aim: Sigmund, wielding a +0 scythe and wearing a +0 robe (lightly wounded, 100% to hit)
The magic dart hits Sigmund.
Sigmund is lightly wounded.
Sigmund points at you and mumbles some strange words.
The magic dart hits you!
Ouch! That really hurt!
* * * LOW HITPOINT WARNING * * *
You take 8 damage, and have 6/14 hp.
MASSIVE DAMAGE!!
You now have 3/5 mp.
Sigmund points at you and mumbles some strange words.
The puff of flame hits you!
Ouch! That really hurt!
You die...

#.# #########.#
##.####.@...@...#
........#######.#
...####.#
#####.###### #.#
#..........# #.#
#.###.######
#.###.###.#
#@........#
#.###)###.# #.#
#.# #.# #.# ...
... #.# ..##.?#
#.##..# ..##..#
....... ###


You could see Sigmund.

Vanquished Creatures
  A dart slug (D:1)
  A hobgoblin (D:1)
  A ball python (D:1)
  A bat (D:1)
  A frilled lizard (D:1)
  A goblin (D:1)
  A kobold (D:2)
  A rat (D:1)
8 creatures vanquished.

Notes
Turn   | Place    | Note
-------+----------+-------------------------------------------
     0 | D:1      | spardeous the Demigod Conjurer began the quest for the Orb.
     0 | D:1      | Reached XP level 1. HP: 14/14 MP: 5/5
   296 | D:1      | You fall into a shaft and drop 1 floor!
   332 | D:2      | Noticed Sigmund
   354 | D:2      | Killed from afar by Sigmund

Illustrated notes

Levels and vault maps discovered:
D:1:      roderic_dead_forest, layout_basic
D:2:      layout_loops_ring, serial_shops, nicolae_shop_hallway_stairs,
          basic_altar, uniq_terence, uniq_sigmund, uniq_crazy_yiuf_cottage

Skill      XL: |  1 |
---------------+----+-----
Spellcasting   | 2 |  2.1
Dodging        | |  1.7
Stealth        | |  1.7
Conjurations   | |  3.8

Action                     || total
---------------------------++-------
   Cast: Magic Dart        ||    17
  Dodge: Dodged            ||     2
